 Dungeon Crawl Stone Soup version 0.17-a0-1882-g750edc8 (webtiles) character file.

341 Grim the Slasher (level 6, -1/42 HPs)
             Began as a High Elf Fighter on Sept 22, 2015.
             Was an Initiate of Elyvilon.
             Slain by an ogre
             ... wielding a +0 giant club
              (13 damage)
             ... on level 5 of the Dungeon.
             The game lasted 00:10:12 (4100 turns).

Grim the Slasher (High Elf Fighter)                 Turns: 4100, Time: 00:10:12

Health: -1/42      AC: 10    Str: 15    XL:     6   Next: 30%
Magic:  8/8        EV:  4    Int: 13    God:    Elyvilon [......]
Gold:   108        SH:  9    Dex: 16    Spells: 0 memorised, 5 levels left

rFire  . . .     SeeInvis .     a - +0 long sword
rCold  . . .     Clarity  .     d - +0 chain mail
rNeg   . . .     SustAt   .     c - +0 shield
rPois  .         Gourm    .     (no helmet)
rElec  .         Spirit   .     w - +0 cloak
rCorr  .         Warding  .     (no gloves)
rMut   .         Stasis   .     (no boots)
MR     .....                    (no amulet)
Stlth  ..........               (no ring)
                                (no ring)

@: not resistant to hostile enchantments, extremely unstealthy
A: no striking features
a: Renounce Religion


You were on level 5 of the Dungeon.
You worshipped Elyvilon.
Elyvilon was noncommittal.
You were near starving.

You visited 1 branch of the dungeon, and saw 4 of its levels.
You also visited: Ossuary.

You collected 108 gold pieces.

Inventory:

Hand weapons
 a - a +0 long sword (weapon)
Armour
 c - a +0 shield (worn)
 d - a +0 chain mail (worn)
 w - a +0 cloak (worn)
Magical devices
 u - a wand of magic darts (30)
Scrolls
 b - a scroll of identify
 f - 2 scrolls of teleportation {unknown}
 g - 2 scrolls of remove curse
 h - a scroll of random uselessness {unknown}
 j - 2 scrolls of blinking {unknown}
 k - a scroll of magic mapping {unknown}
 l - a scroll of fog {unknown}
 v - a scroll of enchant weapon {unknown}
 x - a scroll of enchant armour {unknown}
Potions
 i - a potion of agility {unknown}
 m - a potion of heal wounds {unknown}
 n - a potion of cure mutation {unknown}
 o - a potion of cancellation {unknown}
 q - a potion of flight {unknown}
 r - 2 potions of curing {unknown}
 s - a potion of brilliance {unknown}
 t - a potion of mutation {!q}
Comestibles
 e - a bread ration


   Skills:
 - Level 3.0 Fighting
 * Level 7.6 Long Blades
 - Level 2.6 Armour
 - Level 2.6 Shields
 + Level 2.2 Invocations


You had 5 spell levels left.
You didn't know any spells.

Dungeon Overview and Level Annotations

Branches:
Dungeon (5/15)
 Temple: D:4-7

Altars:
Elyvilon
Okawaru


Message History

The ogre is lightly wounded.
The orc priest hits you.
* * * LOW HITPOINT WARNING * * *
You block the ogre's attack.
The orc wizard mumbles some strange words.
The orc wizard blinks!
You slash the ogre!
The ogre is heavily wounded.
The orc priest hits you but does no damage.
The orc wizard casts a spell.
The orc wizard blinks!
The ogre hits you with a giant club!
* * * LOW HITPOINT WARNING * * *
You block the orc priest's attack.
Your chain mail prevents you from hitting the ogre.
The ogre is heavily wounded.
The orc wizard mumbles some strange words.
The orc wizard blinks!
The orc priest miscasts a cantrip.
The ogre hits you with a giant club!
You die...

#. .##. #+##+# . .....
..##.######+###. ..Z..
.o.............Y ...... ##+##
................
......##...##..........$.Y##.
......)...Z#o....§....†...##.
..........sO@?§..............
....#.>..#o##+###..######+##.
# ######.##.###+####....##.
#..........+.........
##..........#.........
#.....###...###..#####
#####'###...###..#####
#........)...)......
#...................


You could see an ogre, 2 orc priests, an orc wizard, a giant cockroach and a
centaur skeleton.

Vanquished Creatures
  Sigmund (D:5)
  A hound (D:5)
  An orc wizard (D:4)
  A hound skeleton (D:5)
  2 mummies
  An adder (D:4)
  3 oozes
  An adder skeleton (D:4)
  3 worms
  A giant gecko (D:4)
  6 orcs
  5 giant cockroaches
  A gnoll zombie (Ossuary)
  4 goblins
  3 hobgoblins
  A quokka (D:2)
  5 bats
  2 gnoll skeletons (Ossuary)
  4 goblin skeletons (Ossuary)
  2 goblin zombies
  4 hobgoblin skeletons (Ossuary)
  2 hobgoblin zombies (Ossuary)
  11 kobolds
  2 kobold skeletons (Ossuary)
  A kobold zombie (Ossuary)
  An orc skeleton (Ossuary)
  4 orc zombies
  5 rats
  A rat skeleton (Ossuary)
  2 rat zombies (Ossuary)
81 creatures vanquished.

Vanquished Creatures (others)
  Menkaure (Ossuary)
  2 mummies (Ossuary)
  A gnoll zombie (Ossuary)
  2 goblin skeletons (Ossuary)
  3 goblin zombies (Ossuary)
  4 hobgoblin skeletons (Ossuary)
  2 hobgoblin zombies (Ossuary)
  2 kobold skeletons (Ossuary)
  4 kobold zombies (Ossuary)
  2 orc zombies (Ossuary)
  3 rat skeletons (Ossuary)
  3 rat zombies (Ossuary)
29 creatures vanquished.

Grand Total: 110 creatures vanquished

Notes
Turn   | Place    | Note
--------------------------------------------------------------
     0 | D:1      | Grim the High Elf Fighter began the quest for the Orb.
     0 | D:1      | Reached XP level 1. HP: 16/16 MP: 2/2
   224 | D:1      | Reached XP level 2. HP: 19/21 MP: 3/3
   814 | D:1      | Reached skill level 4 in Long Blades
   984 | D:2      | Reached XP level 3. HP: 17/26 MP: 4/4
  1142 | D:2      | Found an iron altar of Okawaru.
  1547 | D:2      | You fall through a shaft for 2 floors!
  1586 | D:4      | Found a sand-covered staircase.
  1593 | D:4      | Reached skill level 5 in Long Blades
  1597 | Ossuary  | Entered an ossuary
  1791 | Ossuary  | Reached XP level 4. HP: 31/31 MP: 5/5
  1897 | Ossuary  | Killed Menkaure
  2080 | Ossuary  | HP: 1/31 [mummy (17)]
  3165 | D:4      | Found a white marble altar of Elyvilon.
  3168 | D:4      | Became a worshipper of Elyvilon the Healer
  3207 | D:4      | Reached skill level 6 in Long Blades
  3323 | D:4      | Reached XP level 5. HP: 36/36 MP: 6/6
  3662 | D:5      | Entered Level 5 of the Dungeon
  3666 | D:5      | Noticed a sky beast
  3773 | D:5      | Noticed Sigmund
  3802 | D:5      | Killed Sigmund
  3802 | D:5      | Reached skill level 7 in Long Blades
  3802 | D:5      | Reached XP level 6. HP: 5/42 MP: 6/8
  4086 | D:5      | Noticed an ogre
  4100 | D:5      | Slain by an ogre

Vault maps used:
D:1:      dpeg_arrival_circle_labyrinth_c
D:2:      nicolae_overflow_crystal_walls
D:4:      kennysheep_mini_moat, nicolae_ossuary_entry_giza,
          minmay_large_rounded_square, kennysheep_cluttered_room
D:5:      kennysheep_mini, tgw_trog, minmay_temple_entry_mist, first_bread,
          uniq_sigmund
Ossuary:  ossuary_due_pyramid

Action                   |  1- 3 |  4- 6 || total
-------------------------+-------+-------++-------
Melee: Long sword        |   163 |   155 ||   318
  Use: Scroll            |       |     3 ||     3
       Potion            |       |     3 ||     3
  Eat: Chunk             |     2 |     3 ||     5
       Bread ration      |       |     1 ||     1
